 Dungeon Crawl Stone Soup version 0.29.1-15-g9cfb28693d (webtiles) character file.

Game seed: 17457013701952097587

534 DemonSlayer the Magician (level 7, 0/47 HPs)
             Began as a Demonspawn Earth Elementalist on Mar 21, 2023.
             Slain by a hound (3 damage)
             ... on level 5 of the Dungeon.
             The game lasted 00:09:04 (4362 turns).

DemonSlayer the Magician (DsEE)                     Turns: 4362, Time: 00:09:05

Health: 0/47       AC:  8    Str: 10    XL:     7   Next: 4%
Magic:  20/22      EV: 11    Int: 17    God:
Gold:   115        SH:  4    Dex: 13    Spells: 5/15 levels left

rFire   . . .      SeeInvis .   g - +4 dagger (vorpal)
rCold   + . .      Faith    .   (no shield)
rNeg    . . .      Spirit   .   o - +1 acid dragon scales
rPois   .          Reflect  .   (no helmet)
rElec   .          Harm     .   (no cloak)
rCorr   +          Rampage  .   (no gloves)
Will    .....                   (no boots)
Stlth   ++........              (no amulet)
HPRegen 0.15/turn               q - ring of protection from cold
MPRegen 0.18/turn               u - ring of magical power

@: lethally poisoned (0 -> -14), invisible
A: sharp scales 1, condensation shield, weakness stinger 1
a: no special abilities


You were on level 5 of the Dungeon.
You visited 1 branch of the dungeon, and saw 5 of its levels.
You also visited: Sewer.

You collected 115 gold pieces.

Inventory:

Hand Weapons
 g - a +4 vorpal dagger (weapon)
Missiles
 r - 4 curare-tipped darts
 A - 2 throwing nets
Armour
 o - +1 acid dragon scales (worn)
 x - a +2 robe of willpower
Jewellery
 q - a ring of protection from cold (left hand)
 u - a ring of magical power (right hand)
Scrolls
 h - 2 scrolls of amnesia
 i - a scroll of identify
 s - 2 scrolls of poison
 y - 2 scrolls of butterflies
Potions
 a - 2 potions of invisibility
 b - 2 potions of magic
 c - 3 potions of heal wounds {unknown}
 d - a potion of lignification {unknown}
 e - 5 potions of curing {unknown}
 f - a potion of attraction {unknown}
 j - 2 potions of degeneration {unknown}
 l - a potion of cancellation {unknown}
 m - a potion of mutation {unknown}
 t - 2 potions of might {unknown}
 w - 2 potions of brilliance {unknown}
 z - a potion of flight {unknown}
 B - a potion of ambrosia {unknown}


   Skills:
 + Level 0.8 Fighting
 + Level 0.3 Short Blades
 + Level 0.2 Throwing
 + Level 1.6 Armour
 + Level 2.3 Dodging
 + Level 2.6 Stealth
 + Level 0.7 Shields
 + Level 4.6 Spellcasting
 + Level 1.0 Transmutations
 + Level 4.6 Earth Magic


You had 5 spell levels left.
You knew the following spells:

 Your Spells              Type           Power      Damage    Failure   Level
a - Sandblast             Erth           38%        2d10      3%          1
b - Passwall              Tmut/Erth      10%        N/A       12%         2
c - Stone Arrow           Conj/Erth      22%        3d8       28%         3
d - Petrify               Tmut/Erth      13%        N/A       58%         4

Your spell library contained the following spells:

 Spells                   Type           Power      Damage    Failure   Level
 Poisonous Vapours        Pois/Air       6%         N/A       36%         2
 Corpse Rot               Necr/Pois/Air  3%         N/A       94%         4


Dungeon Overview and Level Annotations

Branches:
Dungeon (5/15)              Sewer (visited)
 Temple: D:4-7

Altars:
Makhleb
Sif Muna
Wu Jian

Annotations:
D:4 1 runed translucent door, ThatPearl's ghost, amateur DgTm


Innate Abilities, Weirdness & Mutations

You are partially covered in razor-sharp scales. (AC +1, Slay +1)
A meltable shield of frost defends you. (SH +4)
You have a small tail.


Message History

The blast of sand hits the giant cockroach.
You kill the giant cockroach!
The scorpion stings you.
You are poisoned.
The scorpion poisons you! The hound closely misses you.
The scorpion stings you.
The blast of sand hits the scorpion but does no damage.
You feel very sick. The hound barely misses you.
The orc wizard mumbles some strange words.
The orc wizard flickers and vanishes!
Deactivating autopickup; reactivate with Ctrl-A.
The scorpion stings you.
You are lethally poisoned!
The scorpion poisons you! The hound closely misses you.
Something bites your black bear but does no damage.
The gnoll hits you but does no damage. The scorpion barely misses you.
Your black bear bites the ball python!
The ball python dies!
The hound barely misses you.
Unknown command.
Unknown command.
It was a potion of invisibility.
You fade into invisibility!
* * * LOW HITPOINT WARNING * * *
You feel very sick. The hound misses you.
The scorpion stings you but does no damage.
The gnoll hits you from afar with a +0 spear.
* * * LOW HITPOINT WARNING * * *
Something closely misses your black bear.
Your black bear barely misses the giant cockroach.
Your black bear claws the giant cockroach.
Your black bear claws the giant cockroach but does no damage.
The giant cockroach bites your black bear.
You fade further into invisibility.
* * * LOW HITPOINT WARNING * * *
You feel very sick. The hound bites you.
You die...

.### ...## ### .....#
##..###....### ..
##.!........#.# ...
.....oo...#..####...
##.##go.......#.....
#...hBh#............
##.@#Y..............
#..s###...h..........
#...####..g~)~........
##........~~~~~.......
##.......~~.~~.......
.......~~~~~...)...
........~~~...>....
...............##..
.#............###..


You could see a scorpion (unable to see you, ally target), a hound, an orc
wizard (unable to see you), a gnoll (unable to see you), 2 orcs, a giant
cockroach (unable to see you) and a friendly black bear (summoned).

Vanquished Creatures
  Sigmund (D:3)
  A phantom (D:4)
  A scorpion (D:4)
  2 hounds
  3 gnolls (D:4)
  5 adders
  A river rat (Sewer)
  4 dart slugs
  7 orcs
  6 ball pythons
  4 endoplasms
  3 giant cockroaches
  7 goblins
  7 hobgoblins
  4 kobolds
  A quokka (D:2)
  4 bats
  12 frilled lizards
  11 rats
84 creatures vanquished.

Vanquished Creatures (collateral kills)
  A river rat (D:5)
  A worm (D:5)
  An orc (D:5)
  A ball python (D:5)
4 creatures vanquished.

Grand Total: 88 creatures vanquished

Notes
Turn   | Place    | Note
-------+----------+-------------------------------------------
     0 | D:1      | DemonSlayer the Demonspawn Earth Elementalist began the
                  | quest for the Orb.
     0 | D:1      | Reached XP level 1. HP: 13/13 MP: 3/3
   231 | D:1      | Gained mutation: A meltable shield of frost defends you.
                  | (SH +4) [demonic ancestry]
   231 | D:1      | Reached XP level 2. HP: 19/19 MP: 3/5
   393 | D:1      | Found a faded altar of an unknown god.
  1059 | D:2      | Reached skill level 1 in Transmutations
  1115 | D:2      | Gained mutation: You are partially covered in razor-sharp
                  | scales. (AC +1, Slay +1) [demonic ancestry]
  1115 | D:2      | Reached XP level 3. HP: 21/24 MP: 2/6
  1702 | D:2      | Learned a level 2 spell: Passwall
  1706 | D:2      | Learned a level 3 spell: Stone Arrow
  1949 | D:3      | Noticed Sigmund
  1955 | D:3      | Killed Sigmund
  1956 | D:3      | Reached skill level 1 in Armour
  1956 | D:3      | Reached XP level 4. HP: 31/31 MP: 9/9
  1956 | D:3      | Gained mutation: You have a small tail. [demonic ancestry]
  1956 | D:3      | Reached XP level 5. HP: 36/36 MP: 10/10
  2920 | D:3      | Learned a level 4 spell: Petrify
  2956 | D:4      | Found a shimmering blue altar of Sif Muna.
  2956 | D:4      | Found a burning altar of Makhleb.
  2957 | D:4      | Noticed a phantom
  2964 | D:4      | Found an ornate altar of the Wu Jian Council.
  2968 | D:4      | Killed a phantom
  2969 | D:4      | Reached XP level 6. HP: 27/42 MP: 12/12
  3509 | D:4      | Found a runed translucent door.
  3510 | D:4      | Noticed ThatPearl's ghost (amateur DgTm)
  3549 | D:4      | You fall into a shaft and drop 1 floor!
  3549 | D:5      | Entered Level 5 of the Dungeon
  3564 | D:5      | Found a glowing drain.
  3564 | D:5      | Noticed an ice beast
  3575 | Sewer    | Entered a sewer
  4121 | Sewer    | Reached XP level 7. HP: 47/47 MP: 13/13
  4362 | D:5      | Slain by a hound

Illustrated notes

Levels and vault maps discovered:
D:1:      eino_arrival_water_star, layout_loops_ring, basic_ecumenical_altar,
          minmay_hexomino_p4
D:2:      layout_loops_ring
D:3:      layout_loops_corners, nicolae_elevator_lobby_plus, uniq_sigmund
D:4:      layout_rooms, grunt_temple_overflow_open, serial_shops,
          nicolae_shop_behind_doors, gammafunk_ghost_grave,
          minmay_misc_feat_nine_boxes, st_stairs_14, uniq_blork_the_orc
D:5:      layout_cave_pools, minmay_temple_entry_arrows,
          nicolae_ossuary_entry_monument, portal_sewer_entry_a, uniq_duvessa

Skill      XL: |  1  2  3  4  5 |
---------------+----------------+-----
Earth Magic    | 3 4 |  4.6
Stealth        | 2 |  2.6
Transmutations | 1 |  1.0
Dodging        | 2 |  2.3
Spellcasting   | 3 4 |  4.6
Armour         | 1 |  1.6
Fighting       | |  0.8
Short Blades   | |  0.3
Throwing       | |  0.2
Shields        | |  0.7

Action                   |  1- 3 |  4- 6 |  7- 9 || total
-------------------------+-------+-------+-------++-------
Melee: Dagger            |    10 |     9 |       ||    19
Throw: Dart              |     3 |       |       ||     3
 Cast: Sandblast         |    44 |    92 |     5 ||   141
  Use: Scroll            |       |    12 |     1 ||    13
       Potion            |       |       |     2 ||     2
 Stab: Sleeping          |     3 |       |       ||     3
Armor: Acid dragon scale |     8 |    47 |     9 ||    64
       Robe              |     2 |       |       ||     2
Dodge: Dodged            |    14 |    37 |    12 ||    63
Block: Other             |     6 |    17 |     2 ||    25
